 Dungeon Crawl Stone Soup version 0.16.2-3-ga078185 (webtiles) character file.

415 Patate the Skirmisher (level 6, -2/41 HPs)
             Began as a Gargoyle Fighter on Sept 9, 2015.
             Was a Believer of Trog.
             Killed by divine providence
             ... invoked by an orc priest
              (13 damage)
             ... on level 4 of the Dungeon.
             The game lasted 00:10:28 (3423 turns).

Patate the Skirmisher (Gargoyle Fighter)            Turns: 3423, Time: 00:10:28

Health: -2/41      AC: 16    Str: 21    XL:     6   Next: 91%
Magic:  6/6        EV:  5    Int:  9    God:    Trog [**....]
Gold:   166        SH:  9    Dex:  9    Spells: 0 memorised, 5 levels left

rFire  . . .     SeeInvis .     a - +0 flail
rCold  . . .     Clarity  .     n - +0 chain mail
rNeg   + . .     SustAb   .     c - +0 shield
rPois  ∞         Gourm    .     g - +0 helmet
rElec  +         Spirit   .     (no cloak)
rCorr  .         Warding  .     b - +0 pair of gloves
rMut   .         Stasis   .     (no boots)
MR     .....                    (no amulet)
Stlth  ..........               (no ring)
                                (no ring)

@: not resistant to hostile enchantments, extremely unstealthy
A: negative energy resistance 1, electricity resistance, unbreathing,
petrification resistance, rot immunity, AC +4
a: Burn Spellbooks, Berserk, Trog's Hand, Renounce Religion


You were on level 4 of the Dungeon.
You worshipped Trog.
Trog was pleased with you.
You were not hungry.

You visited 1 branch of the dungeon, and saw 4 of its levels.

You collected 166 gold pieces.

Inventory:

Hand weapons
 a - a +0 flail (weapon)
Armour
 b - a +0 pair of gloves (worn)
 c - a +0 shield (worn)
 g - a +0 helmet (worn)
 n - a +0 chain mail (worn)
Jewellery
 u - an uncursed ring of protection from magic {unknown}
Scrolls
 h - 3 scrolls of identify {unknown}
 i - a scroll of fog {unknown}
 j - 2 scrolls of amnesia {unknown}
 m - a scroll of immolation {unknown}
 s - a scroll of teleportation {unknown}
Potions
 e - 2 potions of might
 f - 3 potions of invisibility
 k - 2 potions of curing
 o - a potion of restore abilities {unknown}
 p - a potion of cancellation {unknown}
 r - a potion of flight {unknown}
Comestibles
 d - a bread ration
 l - a meat ration
 q - a beef jerky
 t - a slice of pizza


   Skills:
 * Level 5.9 Fighting
 + Level 4.1 Maces & Flails
 + Level 5.1 Armour
 - Level 3.2 Shields


You had 5 spell levels left.
You didn't know any spells.

Dungeon Overview and Level Annotations

Branches:
Dungeon (4/15)
 Temple: D:4-7

Altars:
Fedhas
Gozag
Kikubaaqudgha
Trog

Portals:
Sewer: D:4


Innate Abilities, Weirdness & Mutations

You are resistant to torment.
You are immune to poison.
Your stone body is very resilient (AC +4).
You resist negative energy.
You are resistant to electric shocks.
You can survive without breathing.
You are immune to petrification.
You are immune to rotting.


Message History

You block the orc priest's attack.
You sock the orc priest!
The orc priest is heavily wounded.
The orc priest completely misses you.
You barely miss the orc priest.
The orc priest is heavily wounded.
The orc priest hits you with a mace.
Your shield and chain mail prevent you from hitting the orc priest.
The orc priest is heavily wounded.
The orc priest hits you but does no damage.
You hit the orc priest.
The orc priest is severely wounded.
The orc priest invokes the aid of Beogh against you.
Something smites you! The orc priest hits you with a mace.
* * * LOW HITPOINT WARNING * * *
You closely miss the orc priest.
The orc priest is severely wounded.
The orc priest mumbles some strange prayers to Beogh against you.
Something smites you!
You die...

. ......#.####÷# ..
#....##..# ##.
##...##.## ... #.......#
... ##...##### #o#
##....... #o# #..#####
#o# #.## # #@# ##'## #
#.# ##...## # #.#
##.....## # ##.##
##.......##
#####...####.........##
............'.........'.
#####...####.........##
##.## ##.......## #.#
##.....##


You could see an orc priest and 2 orcs.

Vanquished Creatures
  A big kobold (D:3)
  4 orc wizards
  Ijyb (D:2)
  Jessica (D:3)
  4 gnolls (D:4)
  3 adders (D:2)
  4 worms
  4 giant mites (D:4)
  A giant gecko (D:4)
  An ooze (D:1)
  14 orcs
  8 hobgoblins
  10 kobolds
  8 bats
  2 giant cockroaches
  5 giant newts
  6 goblins
  4 rats
81 creatures vanquished.

Notes
Turn   | Place    | Note
--------------------------------------------------------------
     0 | D:1      | Patate, the Gargoyle Fighter, began the quest for the Orb.
     0 | D:1      | Reached XP level 1. HP: 14/14 MP: 1/1
   234 | D:1      | Reached XP level 2. HP: 16/19 MP: 2/2
  1143 | D:2      | Reached XP level 3. HP: 16/24 MP: 3/3
  1402 | D:2      | Reached skill level 4 in Fighting
  1433 | D:2      | Found an ancient bone altar of Kikubaaqudgha.
  1651 | D:2      | Noticed Ijyb
  1662 | D:2      | Reached XP level 4. HP: 29/29 MP: 4/4
  1693 | D:2      | Killed Ijyb
  2109 | D:2      | Found an opulent altar of Gozag.
  2113 | D:2      | Found a blossoming altar of Fedhas.
  2249 | D:3      | Found a bloodstained altar of Trog.
  2256 | D:3      | Became a worshipper of Trog the Wrathful
  2324 | D:3      | Reached XP level 5. HP: 30/34 MP: 5/5
  2481 | D:3      | Noticed a big kobold
  2494 | D:3      | Killed a big kobold
  2494 | D:3      | Reached skill level 5 in Fighting
  2494 | D:3      | Reached XP level 6. HP: 36/40 MP: 6/6
  2517 | D:3      | Noticed Jessica
  2526 | D:3      | Killed Jessica
  2527 | D:3      | Acquired Trog's first power
  3181 | D:4      | Acquired Trog's second power
  3217 | D:4      | Found a glowing drain.
  3222 | D:4      | Reached skill level 5 in Armour
  3423 | D:4      | Killed from afar by an orc priest

Action                   |  1- 3 |  4- 6 || total
-------------------------+-------+-------++-------
Melee: Flail             |   142 |   282 ||   424
Invok: Burn Spellbooks   |       |     2 ||     2
  Use: Potion            |       |     5 ||     5
  Eat: Chunk             |     2 |     7 ||     9
